Map: King's Cove LE

Players

Kas - Winner!

  • Race: Terran Terran
  • League: Platinum
  • Spawn Location: 11:00

Harstem

  • Race: Protoss Protoss
  • Spawn Location: 5:00

Event: 2019 WCS Summer

VOD

Have the link to the VOD?

Description

Time

  • Played on: July 12, 2019, 11:20 a.m.
  • Length: 16:01

All games in this series

Show
View Real Time Build Order
Export as new Build Order

Kas Terran - Winner!

Build Orders: Liberator Opening 

Get SALT Encoding   

  12  0:00  SCV  
  13  0:12  SCV  
  14  0:18  Supply Depot  
  14  0:24  SCV  
  15  0:39  SCV  
  15  0:41  Barracks  
  16  0:45  Refinery  
  16  0:51  SCV  
  17  1:03  SCV  
  18  1:16  SCV  
  19  1:27  Marine  
  19  1:28  Orbital Command  
  20  1:41  Command Center  
  20  1:48  Barracks Reactor  
  20  1:54  Supply Depot  
  20  1:56  SCV  
  21  2:08  SCV  
  22  2:09  Factory  
  22  2:16  Refinery  
  22  2:20  SCV  
  23  2:23  Marine  
  23  2:24  Marine  
  25  2:32  SCV  
  26  2:41  Marine  
  26  2:42  Marine  
  28  2:44  SCV  
  29  2:55  Starport  
  29  2:56  Widow Mine  
  29  2:57  Orbital Command  
  31  3:01  SCV  
  31  3:03  Marine x2  
  34  3:14  SCV  
  34  3:18  Widow Mine  
  37  3:21  Marine  
  37  3:24  SCV  
  37  3:26  SCV  
  40  3:27  Marine  
  40  3:33  Supply Depot  
  41  3:36  SCV, Medivac  
  41  3:38  SCV  
  45  3:46  Marine  
  45  3:47  Supply Depot  
  46  3:51  Liberator  
  46  3:54  Marine  
  46  3:55  Widow Mine, SCV  
  50  4:00  SCV  
  51  4:06  Marine  
  51  4:07  SCV, Supply Depot  
  56  4:12  Marine, SCV  
  58  4:19  SCV  
  58  4:22  Supply Depot  
  60  4:24  Factory Tech Lab, Marine, SCV  
  60  4:30  Marine  
  60  4:31  SCV  
  63  4:35  Supply Depot  
  63  4:36  SCV  
  64  4:42  Siege Tank, Marine  
  64  4:43  SCV  
  69  4:48  Liberator, SCV  
  68  4:55  SCV  
  69  5:00  Marine x2, SCV  
  75  5:07  SCV  
  75  5:09  Supply Depot  
  75  5:12  SCV  
  77  5:14  Barracks  
  77  5:16  Command Center  
  77  5:21  SCV  
  77  5:22  Marine x2  
  77  5:24  SCV  
  81  5:34  Siege Tank, Barracks  
  82  5:36  Barracks, SCV  
  82  5:39  Marine  
  82  5:40  Marine  
  85  5:43  SCV  
  85  5:46  Engineering Bay x2  
  86  5:56  Supply Depot  
  83  5:57  Marine x2, Refinery  
  83  5:58  Refinery  
  85  6:07  SCV  
  85  6:09  Siege Tank  
  90  6:11  SCV  
  90  6:12  Starport Reactor  
  77  6:28  Marine, Barracks Tech Lab x2  
  77  6:29  Orbital Command  
  77  6:31  SCV x2  
  77  6:32  Marine  
  69  6:34  Barracks  
  69  6:35  Barracks  
  69  6:37  Bunker  
  68  6:41  Siege Tank  
  68  6:43  SCV x2  
  68  6:45  Marine  
  68  6:46  Combat Shield  
  74  6:47  Stimpack  
  74  6:49  Marine, Marauder x2  
  79  6:54  Terran Infantry Weapons Level 1  
  79  6:55  SCV x2, Terran Infantry Armor Level 1  
  79  6:56  SCV  
  82  7:02  Supply Depot x2  
  82  7:07  SCV  
  82  7:08  SCV  
  84  7:14  Marine x2, Marauder x2  
  84  7:15  Missile Turret  
  90  7:17  Missile Turret  
  90  7:18  Medivac  
  92  7:22  Medivac  
  92  7:24  Factory Reactor  
  92  7:25  SCV  
  92  7:26  Orbital Command, SCV  
  96  7:33  Barracks Reactor, Supply Depot  
  96  7:34  Supply Depot  
  96  7:35  Marauder x2, Marine x2  
  102  7:37  SCV  
  102  7:41  SCV  
  104  7:51  SCV  
  104  7:53  Marine x2  
  104  7:55  Medivac  
  104  7:56  Medivac  
  104  7:57  Marauder x2  
  115  8:02  Refinery  
  115  8:03  Refinery  
  115  8:05  Widow Mine x2  
  119  8:10  Marine  
  119  8:11  Marine  
  119  8:12  SCV x3  
  124  8:15  Armory  
  124  8:18  Marine, Marauder x2  
  124  8:19  Marine  
  130  8:20  Concussive Shells  
  130  8:21  Marauder  
  132  8:28  Marine x2, Missile Turret  
  138  8:34  Widow Mine x2  
  138  8:36  Marine x2  
  138  8:39  Marauder, Command Center  
  138  8:40  Ghost Academy, Marauder  
  144  8:48  Supply Depot  
  144  8:50  Supply Depot x2  
  144  8:52  Marauder, Marine x2, Supply Depot  
  144  8:54  Marine  
  149  8:58  Barracks  
  149  9:00  Barracks  
  149  9:01  Barracks  
  149  9:09  SCV x3, Medivac x2  
  156  9:12  Terran Infantry Weapons Level 2, Terran Infantry Armor Level 2  
  156  9:16  Supply Depot  
  128  9:32  Marauder, Marine x5  
  128  9:33  Marauder  
  128  9:35  Widow Mine x2  
  128  9:37  SCV x2  
  143  9:43  Starport  
  143  9:49  Medivac x2  
  143  9:50  Barracks Tech Lab x2  
  143  9:51  Marauder, Barracks Reactor  
  149  9:54  Marauder  
  149  9:56  SCV x2  
  149  9:59  SCV  
  154  10:06  Marauder  
  156  10:08  Marine x2, Missile Turret  
  156  10:10  Sensor Tower  
  156  10:11  Marine x2  
  156  10:12  Marauder  
  156  10:13  Marauder x2  
  166  10:15  Marauder  
  166  10:20  Medivac  
  170  10:21  Medivac  
  170  10:22  Planetary Fortress  
  170  10:25  Refinery  
  170  10:26  Refinery  
  172  10:33  Liberator x2  
  172  10:35  Marauder x4, Marine x3  
  183  10:46  Marauder, Marine x2  
  183  10:56  Marauder  
  191  11:01  Command Center  
  191  11:05  Starport  
  191  11:06  Fusion Core  
  183  11:28  Liberator x2  
  172  11:33  Liberator x2  
  161  11:42  Marauder x2, Marine x2  
  165  11:48  Starport Tech Lab  
  165  11:51  Marauder x2, Marine x2  
  165  11:52  Marauder, Marine  
  176  11:57  Terran Infantry Weapons Level 3  
  170  12:01  Liberator  
  170  12:04  Marauder  
  170  12:06  Terran Ship Weapons Level 1  
  170  12:11  Liberator  
  170  12:13  Marauder x2, Marine x2  
  170  12:14  Marine  
  177  12:18  Advanced Ballistics  
  177  12:21  Liberator x2  
  177  12:22  SCV x3  
  183  12:23  SCV  
  183  12:29  Marauder, Liberator  
  187  12:30  Command Center  
  187  12:36  Marine  
  187  12:37  Marauder x2, Marine x2  
  181  12:44  Liberator  
  181  12:48  Marauder x2  
  186  12:54  Planetary Fortress  
  186  12:55  SCV x2  
  188  13:00  Refinery  
  175  13:15  Marine  
  175  13:16  Marauder x4, Marine x2  
  175  13:18  Marauder  
  173  13:21  Marine x2  
  173  13:31  Marine  
  173  13:32  Liberator x4, SCV  
  170  13:37  Marauder x4  
  170  13:39  Marauder  
  173  13:44  SCV  
  164  13:54  Liberator  
  176  13:58  Marauder x2  
  176  13:59  Marauder x2  
  176  14:01  Refinery  
  184  14:09  Marauder  
  186  14:15  Liberator  
  185  14:17  Liberator x2  
  185  14:20  Marauder  
  185  14:22  Marauder  
  185  14:23  Marine, Marauder  
  192  14:31  Marauder x2, Marine x2  
  191  14:37  Marine x2  
  200  14:44  Marauder  
  199  14:46  Liberator  
  196  14:54  Marauder x2  
  197  15:06  Orbital Command  
  200  15:08  Command Center  
  200  15:09  Marauder  
  200  15:10  Command Center  
Show
View Real Time Build Order
Export as new Build Order

Harstem Protoss 

Build Orders: 1 Gate Expand, Oracle Opening 

Get SALT Encoding   

  12  0:00  Probe  
  13  0:12  Probe  
  14  0:18  Pylon  
  14  0:24  Probe  
  15  0:33  Probe  
  15  0:34  Assimilator  
  15  0:41  Probe  
  16  0:47  Gateway  
  17  0:51  Probe  
  18  1:03  Probe  
  19  1:15  Probe  
  20  1:24  Nexus  
  20  1:34  Cybernetics Core  
  20  1:37  Probe  
  21  1:43  Assimilator  
  21  1:49  Probe  
  21  1:51  Pylon  
  23  2:01  Probe  
  23  2:02  Adept  
  23  2:12  Stargate  
  23  2:14  Probe  
  26  2:21  Warp Gate  
  26  2:26  Probe  
  27  2:30  Adept  
  27  2:36  Probe  
  29  2:38  Probe  
  31  2:44  Probe  
  31  2:45  Oracle  
  31  2:50  Probe  
  33  2:52  Probe  
  37  2:59  Pylon  
  37  3:02  Probe  
  37  3:04  Probe  
  39  3:14  Probe, Oracle  
  39  3:16  Probe  
  41  3:27  Probe  
  45  3:28  Probe  
  44  3:37  Nexus  
  45  3:41  Probe  
  45  3:47  Probe, Robotics Facility  
  46  3:53  Probe  
  47  3:59  Probe  
  47  4:00  Gateway  
  48  4:03  Gateway  
  48  4:05  Phoenix  
  48  4:07  Probe, Pylon  
  49  4:11  Probe  
  52  4:18  Assimilator  
  52  4:19  Probe  
  52  4:23  Probe  
  54  4:31  Assimilator, Probe  
  54  4:35  Probe  
  54  4:38  Phoenix  
  58  4:43  Probe  
  58  4:44  Adept  
  61  4:46  Pylon  
  61  4:47  Probe  
  62  4:53  Immortal  
  62  4:56  Probe  
  62  4:59  Probe  
  64  5:06  Robotics Bay  
  68  5:07  Probe  
  68  5:08  Probe  
  68  5:11  Probe  
  71  5:19  Probe  
  71  5:20  Probe  
  73  5:21  Pylon  
  73  5:23  Probe  
  68  5:31  Probe  
  68  5:32  Sentry, Probe, Zealot x2  
  68  5:33  Observer  
  76  5:35  Probe  
  76  5:43  Probe  
  76  5:44  Probe  
  76  5:48  Probe  
  76  5:49  Forge  
  78  5:50  Forge  
  79  5:59  Zealot x2  
  79  6:00  Disruptor, Zealot  
  82  6:04  Probe  
  82  6:07  Pylon  
  76  6:19  Probe  
  76  6:21  Stalker  
  76  6:22  Stalker x2  
  68  6:37  Probe  
  69  6:41  Probe  
  70  6:48  Nexus  
  70  6:49  Probe  
  70  6:50  Sentry x2  
  76  6:56  Protoss Ground Armor Level 1, Protoss Ground Weapons Level 1  
  76  6:57  Pylon  
  76  6:58  Pylon  
  76  7:00  Probe  
  76  7:01  Probe  
  76  7:07  Colossus  
  77  7:12  Probe  
  78  7:20  Probe  
  85  7:23  Pylon  
  85  7:26  Probe  
  85  7:27  Twilight Council  
  86  7:30  Probe  
  87  7:38  Probe x2, Extended Thermal Lance  
  89  7:47  Probe  
  89  7:50  Probe  
  91  7:52  Phoenix  
  91  7:54  Colossus  
  91  7:57  Probe  
  93  7:58  Charge, Probe x2  
  93  8:04  Pylon  
  93  8:05  Probe  
  102  8:10  Assimilator, Probe  
  102  8:12  Assimilator  
  103  8:13  Probe  
  103  8:15  Probe  
  103  8:19  Observer  
  106  8:21  Pylon  
  106  8:26  Gateway  
  106  8:39  Colossus, Gateway x2  
  106  8:41  Gateway  
  106  8:42  Zealot x3  
  117  9:01  Protoss Ground Armor Level 2  
  117  9:02  Zealot x2  
  117  9:03  Zealot  
  121  9:12  Templar Archives, Protoss Ground Weapons Level 2  
  121  9:16  Probe  
  121  9:17  Probe, Gateway, Pylon  
  115  9:32  Probe  
  115  9:36  Probe  
  117  9:42  Zealot x6  
  129  9:46  Nexus  
  129  9:49  Colossus  
  129  9:52  Psionic Storm  
  135  9:53  Probe  
  136  10:01  Probe  
  136  10:05  Photon Cannon  
  136  10:07  High Templar x2  
  139  10:11  Pylon  
  141  10:17  Pylon  
  141  10:26  Pylon  
  141  10:29  Probe x2  
  141  10:30  Gateway  
  143  10:35  Stalker x3  
  143  10:36  Pylon x2  
  143  10:38  Zealot x2  
  143  10:40  Probe  
  152  10:46  Probe  
  144  10:52  Probe  
  144  10:53  Photon Cannon  
  144  10:55  Photon Cannon  
  143  11:05  High Templar x4  
  143  11:06  High Templar x2  
  153  11:15  Archon x3  
  153  11:16  Probe  
  153  11:18  Blink  
  149  11:21  Stalker x2  
  149  11:22  Protoss Ground Armor Level 3  
  146  11:32  Zealot  
  114  11:40  Zealot x4  
  114  11:41  Zealot x2, Colossus  
  114  11:43  Probe  
  114  11:45  Probe x2  
  114  11:46  Probe  
  123  11:58  Zealot x3  
  123  12:01  Zealot x5  
  134  12:02  Probe  
  134  12:05  Probe  
  138  12:09  High Templar  
  138  12:10  Probe  
  138  12:11  Protoss Ground Weapons Level 3  
  138  12:14  Probe  
  138  12:15  Probe  
  141  12:21  Zealot, Gateway  
  143  12:23  Zealot x2  
  143  12:25  Zealot  
  149  12:33  Zealot x4  
  149  12:34  Colossus  
  137  12:46  Zealot x2, High Templar  
  137  12:50  Zealot x2  
  145  12:52  Archon  
  145  12:57  Zealot x3  
  145  12:58  Zealot  
  153  13:09  Stalker x2  
  127  13:22  Stalker x7  
  123  13:27  High Templar  
  121  13:37  Zealot x2  
  119  13:46  Stalker x7  
  125  14:01  Nexus  
  125  14:02  High Templar  
  125  14:03  High Templar  
  125  14:04  Zealot  
  131  14:14  Stalker x3  
  131  14:16  Stalker  
  135  14:20  Stalker  
  133  14:37  Stalker x5  
  131  14:51  Stalker  
  131  14:52  Stalker x3  
  127  15:02  Stalker x2  
  127  15:03  High Templar  
  133  15:11  Stalker x2  
  135  15:16  Stalker x2  
  137  15:26  Stalker x2  
  137  15:30  Stalker x2  
  137  15:35  Stalker  
Tags
 
Add a new tag
Caveats
  • Supply blocks, unpowered buildings, or Contaminate may cause inaccurate times.
  • Supply counts are checked every 10 seconds.